 Dungeon Crawl Stone Soup version 0.31-a0-365-gcf821cafb2 (webtiles) character file.

Game seed: 1140526785730675645

484 LeprechaunX the Ruffian (level 7, -1/46 HPs)
             Began as an Octopode Shapeshifter on July 28, 2023.
             Slain by an orc
             ... wielding a +0 short sword
              (4 damage)
             ... on level 3 of the Dungeon.
             The game lasted 00:03:58 (1782 turns).

LeprechaunX the Ruffian (Octopode Shapeshifter)     Turns: 1782, Time: 00:03:59

Health: -1/46      AC:  1    Str: 16    XL:     7   Next: 12%
Magic:  7/7        EV: 13    Int: 11    God:
Gold:   98         SH:  0    Dex: 18    Spells: 6/6 levels left

rFire   . .          .
                       - Unarmed
rCold   . . .        (no shield)
rNeg    . . .        (helmet currently unavailable)
rPois   .            r - amulet of regeneration
rElec   .            e - ring of resist corrosion
rCorr   +            m - +6 ring of dexterity
SInv    .            (no ring)
Will    .....        (no ring)
Stlth   +++          (no ring)
HPRegen 1.07/turn    (no ring)
MPRegen 0.10/turn    (no ring)
                     (no ring)

%: no passive effects
@: beast-form
A: beast (slay +2), almost no armour, amphibious, 8 rings, camouflage 1,
gelatinous body 1, (nimble swimmer 1), tentacles
a: Begin Untransformation


You were on level 3 of the Dungeon.
You were a hulking beast.
You visited 1 branch of the dungeon, and saw 3 of its levels.

You collected 98 gold pieces.

Inventory:

Missiles
 c - a throwing net
Jewellery
 e - a ring of resist corrosion (left tentacle)
 m - a +6 ring of dexterity (right tentacle)
 r - an amulet of regeneration (around mantle)
Talismans
 b - a beast talisman
Scrolls
 g - 3 scrolls of identify {unknown}
 h - a scroll of brand weapon {unknown}
 i - 2 scrolls of enchant armour {unknown}
 l - a scroll of noise {unknown}
 o - a scroll of acquirement {unknown}
 q - a scroll of vulnerability {unknown}
Potions
 a - a potion of lignification
 d - 2 potions of invisibility {unknown}
 f - 2 potions of attraction {unknown}
 j - a potion of curing {unknown}
 k - a potion of enlightenment {unknown}
 n - a potion of heal wounds {unknown}
 p - a potion of haste {unknown}


   Skills:
 + Level 3.5 Fighting
 - Level 2.0 Dodging
 * Level 6.0 Unarmed Combat
 + Level 4.2 Shapeshifting


You had 6 spell levels left.
You didn't know any spells.
Your spell library contained the following spells:

 Spells                   Type           Power      Damage    Failure   Level
 Dazzling Flash           Conj/Hex       0%         N/A       71%         3
 Volatile Blastmotes      Fire/Tloc      0%         2d10      71%         3
 Summon Ice Beast         Ice/Summ       0%         N/A       98%         4
 Summon Mana Viper        Hex/Summ       0%         N/A       100%        5
 Starburst                Conj/Fire      0%         6d3       100%        6
 Monstrous Menagerie      Summ           0%         N/A       100%        7
 Maxwell's Capacitive Co  Air            0%         ∞         100%        8


Dungeon Overview and Level Annotations

Branches:
Dungeon (3/15)

Altars:


Innate Abilities, Weirdness & Mutations

You are a hulking beast.
Your limbs bulge with bestial killing power. (Slay +2)
You cannot wear most types of armour.
You are amphibious.
You can wear up to eight rings at the same time.
Your skin changes colour to match your surroundings (Stealth+).
Your rubbery body absorbs attacks. (AC +1, EV +1)
((You are camouflaged when in or above water. (Stealth+)))
You have tentacles for arms and can constrict up to eight enemies at once.


Message History

Things that are here:
a +0 hand axe; a +0 leather armour You bump into the rock wall.
The orc barely misses you. The orc closely misses you.
The orc wizard hits you with a +0 dagger.
The orc hits you with a +0 short sword.
You closely miss the orc. The orc hits you with a +0 whip.
The orc wizard hits you with a +0 dagger.
The orc hits you with a +0 short sword. The orc barely misses you.
You're too confused to move!
The orc barely misses you.
The orc wizard hits you with a +0 dagger.
* * * LOW HITPOINT WARNING * * *
The orc hits you but does no damage. The orc misses you.
Unknown command.
You're too confused to move!
The orc hits you with a +0 whip.
* * * LOW HITPOINT WARNING * * *
The orc wizard hits you but does no damage.
The orc hits you with a +0 short sword.
* * * LOW HITPOINT WARNING * * *
The orc hits you with a +0 hand axe.
* * * LOW HITPOINT WARNING * * *
You bludgeon the orc wizard!
The orc wizard is heavily wounded.
The orc hits you with a +0 hand axe.
* * * LOW HITPOINT WARNING * * *
The orc wizard closely misses you. The orc misses you.
The orc hits you with a +0 whip.
* * * LOW HITPOINT WARNING * * *
You tentacle-slap the orc wizard.
The orc wizard is heavily wounded.
You feel less confused.
Unknown command.
Unknown command.
You tentacle-slap the orc wizard. You grab the orc wizard.
The orc wizard is almost dead.
You constrict the orc wizard, but do no damage.
The orc misses you. The orc hits you with a +0 hand axe.
* * * LOW HITPOINT WARNING * * *
The orc wizard misses you. The orc hits you with a +0 short sword.
You die...

## ############ ..
#......#...# .#
#......#...###.#
####......#...##..#
.............###..#
####.......#..##oo###
####.>.....##.##ho..#
..........###...o##.#
.#.....#### #..###
#....## #.## #...##
#.# #...#####. ..#
#.........##.#
##....#######.#
.#.#### #.#


You could see an orc wizard and 3 orcs.

Vanquished Creatures
  Grinder (D:3)
  4 orc priests (D:3)
  Jessica (D:3)
  5 adders
  A worm (D:3)
  A dart slug (D:2)
  11 orcs
  5 bats
  4 endoplasms
  3 giant cockroaches
  7 goblins
  5 hobgoblins
  7 jackals (D:2)
  6 kobolds
  2 quokkas
  6 ball pythons
  3 frilled lizards (D:2)
  10 rats
82 creatures vanquished.

Notes
Turn   | Place    | Note
-------+----------+-------------------------------------------
     0 | D:1      | LeprechaunX the Octopode Shapeshifter began the quest for
                  | the Orb.
     0 | D:1      | Reached XP level 1. HP: 13/13 MP: 1/1
   255 | D:1      | Reached XP level 2. HP: 18/18 MP: 2/2
   775 | D:2      | Reached XP level 3. HP: 24/24 MP: 3/3
   972 | D:2      | Reached skill level 4 in Unarmed Combat
  1009 | D:2      | Reached XP level 4. HP: 27/29 MP: 4/4
  1387 | D:3      | Noticed Jessica
  1501 | D:3      | Reached XP level 5. HP: 34/35 MP: 5/5
  1505 | D:3      | Killed Jessica
  1548 | D:3      | Reached skill level 5 in Unarmed Combat
  1560 | D:3      | Reached XP level 6. HP: 8/42 MP: 6/6
  1723 | D:3      | Noticed Grinder
  1732 | D:3      | Killed Grinder
  1733 | D:3      | Reached XP level 7. HP: 36/46 MP: 7/7
  1775 | D:3      | Reached skill level 6 in Unarmed Combat
  1782 | D:3      | Slain by an orc

Illustrated notes

Levels and vault maps discovered:
D:1:      scummos_arrival_forest, layout_basic
D:2:      layout_rooms, minmay_fractal_squares_gapless_5
D:3:      layout_rooms, portal_sewer_entry_e, uniq_grinder, uniq_jessica

Skill      XL: |  1  2  3  4  5  6  7 |
---------------+----------------------+-----
Unarmed Combat | 4 5 6 |  6.0
Fighting       | 2 3 |  3.5
Shapeshifting  | 4 |  4.2
Dodging        | |  2.0

Action                     |  1- 3 |  4- 6 |  7- 9 || total
---------------------------+-------+-------+-------++-------
  Melee: Unarmed           |    62 |    68 |     7 ||   137
         Constrict         |    19 |    22 |     2 ||    43
         Punch             |     2 |     1 |       ||     3
         Tentacles         |     9 |    19 |       ||    28
   Stab: Sleeping          |     9 |     1 |     1 ||    11
 Armour: Skin              |     4 |     8 |     2 ||    14
  Dodge: Dodged            |    36 |    49 |    10 ||    95

Table legend: (Time is in decaauts)
 A = Elapsed time spent in this place.
 B = Non-inter-level travel time spent in this place.
 C = Inter-level travel time spent in this place.
 D = Time resting spent in this place.
 E = Time spent auto-exploring this place.
 F = Levels seen in this place.
 G = Mean time per level.
                   A        B        C        D        E       F      G
               +--------+--------+--------+--------+--------+-----+--------+
         Total |   1770 |   1646 |    124 |    101 |   1093 |   3 |  590.0 |
       Dungeon |   1770 |   1646 |    124 |    101 |   1093 |   3 |  590.0 |
               +--------+--------+--------+--------+--------+-----+--------+

Top non-repeatable levels by time:
     D:2: 768 daAuts
     D:1: 705 daAuts
     D:3: 296 daAuts
